 Dungeon Crawl Stone Soup version 0.27.0-1-g7a089689b8 (webtiles) character file.

Game seed: 9076124525366688625

238 Delamore the Shield-Bearer (level 6, -5/39 HPs)
             Began as a Gargoyle Fighter on Aug 9, 2021.
             Slain by an iguana (10 damage)
             ... on level 4 of the Dungeon.
             The game lasted 00:02:40 (3454 turns).

Delamore the Shield-Bearer (Gargoyle Fighter)       Turns: 3454, Time: 00:02:40

Health: -5/39      AC: 13    Str: 22    XL:     6   Next: 7%
Magic:  6/6        EV:  7    Int:  8    God:
Gold:   89         SH:  9    Dex:  9    Spells: 5/5 levels left

rFire    . . .     SeeInvis .   a - +1 flail
rCold    . . .     Faith    .   c - +0 kite shield
rNeg     + . .     Spirit   .   b - +0 scale mail
rPois    ∞         Reflect  .   (no helmet)
rElec    +         Harm     .   q - +0 cloak
rCorr    .         Rampage  .   (no gloves)
Will     .....                  r - +0 pair of boots
Stlth    ..........             (no amulet)
HPRegen  0.13/turn              (no ring)
MPRegen  0.10/turn              (no ring)

@: no status effects
A: sickness immunity, AC +4, negative energy resistance 1, electricity
resistance, torment resistance 1, petrification resistance
a: no special abilities


You were on level 4 of the Dungeon.
You visited 1 branch of the dungeon, and saw 4 of its levels.

You collected 89 gold pieces.

Inventory:

Hand Weapons
 a - a +1 flail (weapon)
Missiles
 n - 13 poisoned darts (quivered)
Armour
 b - a +0 scale mail (worn)
 c - a +0 kite shield (worn)
 h - a +0 plate armour
 q - a +0 cloak (worn)
 r - a +0 pair of boots (worn)
Jewellery
 t - a ring of ice
Wands
 p - a wand of flame (11)
Scrolls
 f - a scroll of vulnerability {unknown}
 i - a scroll of summoning {unknown}
 j - a scroll of noise {unknown}
 l - a scroll of silence {unknown}
 m - a scroll of teleportation {unknown}
 s - a scroll of acquirement {unknown}
 u - a scroll of fear {unknown}
 v - a scroll of blinking {unknown}
 w - a scroll of magic mapping {unknown}
 x - 2 scrolls of enchant weapon
Potions
 d - a potion of might
 g - 4 potions of haste
 k - 2 potions of lignification
 o - 2 potions of curing {unknown}


   Skills:
 + Level 4.5 Fighting
 * Level 4.5 Maces & Flails
 - Level 3.2 Armour
 + Level 4.5 Shields


You had 5 spell levels left.
You didn't know any spells.
Your spell library contained the following spells:

 Spells                   Type           Power      Damage    Failure   Level
 Magic Dart               Conj           0%         1d3       99%         1
 Call Imp                 Summ           0%         N/A       100%        2
 Mephitic Cloud           Conj/Pois/Air  0%         N/A       100%        3


Dungeon Overview and Level Annotations

Branches:
Dungeon (4/15)
 Temple: D:4-7

Altars:
Xom
Zin

Shops:
D:1 [


Innate Abilities, Weirdness & Mutations

You are immune to sickness and miasma.
Your stone body is resilient. (AC +4)
You are immune to poison.
You resist negative energy. (rN+)
You are resistant to electric shocks. (rElec)
You are resistant to unholy torment.
You are immune to petrification.


Message History

You barely miss the hobgoblin. You block the hobgoblin's attack.
You closely miss the hobgoblin.
The hobgoblin hits you but does no damage.
You hit the hobgoblin.
The hobgoblin is moderately wounded.
You block the hobgoblin's attack. The hobgoblin barely misses you.
You closely miss the hobgoblin.
The hobgoblin is moderately wounded.
You block the hobgoblin's attack.
You sock the hobgoblin!
You kill the hobgoblin!
You hit the orc but do no damage. The orc hits you with a +0 falchion.
You block the orc's attack.
You closely miss the orc. You block the orc's attack.
You closely miss the orc. The orc closely misses you.
You hit the orc.
The orc is moderately wounded.
The orc hits you with a +0 falchion.
* * * LOW HITPOINT WARNING * * *
The orc hits you with a +0 falchion.
* * * LOW HITPOINT WARNING * * *
You sock the orc!
You kill the orc!
You hit the iguana.
The iguana is lightly wounded.
The iguana bites you.
* * * LOW HITPOINT WARNING * * *
You hit the iguana.
The iguana is moderately wounded.
The iguana barely misses you. You block the iguana's attack.
You completely miss the iguana.
The iguana is moderately wounded.
You block the iguana's attack.
You barely miss the iguana.
The iguana is moderately wounded.
The iguana bites you but does no damage.
You barely miss the iguana.
The iguana is moderately wounded.
You block the iguana's attack. The iguana bites you!
You die...

####.#..................
.....#.....................
.#####.............:....#.#.
..).........................
.##............#........#.#.
.##............#.......)....
.##..........#.#.#......#.#.
#............#.#l#.†.......
#.##.#######.#.#@##....#
#.##.## ##.#.#.#.....# #
#...# ...#.#.#.....# # #...#
...#.#.#..#.##
#.#...####...#.#.#..#.#
#.#............#......#
#....###.#.....#....###
###..#.#...########.#
#.#.⌠.#...# #.#


You could see an iguana.

Vanquished Creatures
  A phantom (D:4)
  A centaur skeleton (D:4)
  Crazy Yiuf (D:2)
  3 adders
  A worm (D:2)
  5 dart slugs
  An orc (D:4)
  4 ball pythons
  5 bats
  6 endoplasms
  3 giant cockroaches
  8 goblins
  7 hobgoblins
  5 frilled lizards
  4 kobolds
  8 rats
63 creatures vanquished.

Vanquished Creatures (others)
  A rat (D:1)
  3 fungi (D:1)
  A plant (D:1)
5 creatures vanquished.

Grand Total: 68 creatures vanquished

Notes
Turn   | Place    | Note
-------+----------+-------------------------------------------
     0 | D:1      | Delamore the Gargoyle Fighter began the quest for the Orb.
     0 | D:1      | Reached XP level 1. HP: 14/14 MP: 1/1
    26 | D:1      | Found Ciodgh's Armour Emporium.
   327 | D:1      | Reached XP level 2. HP: 17/19 MP: 2/2
   859 | D:1      | Found a faded altar of an unknown god.
  1175 | D:1      | Reached XP level 3. HP: 21/23 MP: 3/3
  1723 | D:2      | Reached XP level 4. HP: 29/29 MP: 4/4
  1882 | D:2      | Found a runed translucent door.
  1883 | D:2      | Noticed Crazy Yiuf
  2269 | D:2      | HP: 1/29 [Crazy Yiuf (4)]
  2270 | D:2      | Killed Crazy Yiuf
  2708 | D:3      | Found a glowing silver altar of Zin.
  2710 | D:3      | Noticed an angel
  2714 | D:3      | Found a shimmering altar of Xom.
  2944 | D:3      | Reached XP level 5. HP: 27/33 MP: 5/5
  3415 | D:4      | Noticed a phantom
  3432 | D:4      | Killed a phantom
  3433 | D:4      | Reached XP level 6. HP: 11/39 MP: 6/6
  3454 | D:4      | Slain by an iguana

Illustrated notes

Levels and vault maps discovered:
D:1:      noname_arrival_rooms_in_the_neighbourhood, layout_rooms, serial_shops,
          shop, shapermc_ecumenical_altar_mp_urbaneastern,
          hangedman_decor_lopped, supply_closet_lemuel, lemuel_flame_loot_1
D:2:      layout_loops_cross, uniq_crazy_yiuf_cottage
D:3:      layout_loops_cross, grunt_temple_overflow_order_and_chaos_1
D:4:      layout_basic, lemuel_coloured_pillars_altar,
          nzn_wu_jian_contemplation, serial_co_window_serial, co_window_paths_a,
          co_window_paths_a, co_window_paths_a, co_window_corner_a,
          co_window_paths_b, co_window_unsneaky_path_a,
          co_window_of_opportunity_c, co_window_paths_c,
          co_window_of_opportunity_b, co_window_broadway_b, co_window_4corner_b,
          glass_columns_a, glass_columns_b, glass_columns_a, glass_columns_b,
          glass_columns_b, grunt_decor_one_mirror, glass_columns_c, uniq_sigmund

Skill      XL: |  1  2  3  4  5 |
---------------+----------------+-----
Maces & Flails | 3 4 |  4.5
Fighting       | 4 |  4.5
Shields        | 4 |  4.5
Armour         | |  3.2

Action                   |  1- 3 |  4- 6 || total
-------------------------+-------+-------++-------
Melee: Flail             |   140 |   118 ||   258
  Use: Scroll            |       |     3 ||     3
Armor: Scale mail        |    70 |    76 ||   146
Dodge: Dodged            |    42 |    34 ||    76
Block: Kite shield       |    81 |    71 ||   152
